 Dungeon Crawl Stone Soup version 0.28-a0-1613-gdaab1c2f9b (webtiles) character file.

Game seed: 3977631809740679084

2 parzival7114810 the Chopper (level 1, 0/20 HPs)
             Began as a Hill Orc Monk on Jan 21, 2022.
             Slain by a frilled lizard (1 damage)
             ... on level 1 of the Dungeon.
             The game lasted 00:00:08 (61 turns).

parzival7114810 the Chopper (Hill Orc Monk)           Turns: 61, Time: 00:00:09

Health: 0/20       AC:  2    Str: 13    XL:     1   Next: 40%
Magic:  1/1        EV: 12    Int: 10    God:
Gold:   0          SH:  0    Dex: 13    Spells: 0/0 levels left

rFire   . . .      SeeInvis .   a - +0 hand axe
rCold   . . .      Faith    .   (no shield)
rNeg    . . .      Spirit   .   b - +0 robe
rPois   .          Reflect  .   (no helmet)
rElec   .          Harm     .   (no cloak)
rCorr   .          Rampage  .   (no gloves)
Will    .....                   (no boots)
Stlth   ++........              (no amulet)
HPRegen 0.06/turn               (no ring)
MPRegen 0.07/turn               (no ring)

@: no status effects
A: no striking features
a: no special abilities


You were on level 1 of the Dungeon.
You visited 1 branch of the dungeon, and saw 1 of its levels.

Inventory:

Hand Weapons
 a - a +0 hand axe (weapon)
Armour
 b - a +0 robe (worn)
Scrolls
 c - a scroll of teleportation {unknown}


   Skills:
 + Level 3.7 Fighting
 + Level 4.1 Axes
 + Level 2.4 Dodging
 + Level 1.5 Stealth


You couldn't memorise any spells.
You didn't know any spells.
Your spell library was empty.

Dungeon Overview and Level Annotations

Branches:
Dungeon (1/15)

Altars:


Message History

The ball python is severely wounded.
You barely miss the kobold. The ball python barely misses you.
The ball python constricts you.
A kobold comes into view. It is wielding a +0 dagger.
A kobold comes into view. It is wielding a +0 short sword.
The kobold hits you with a +0 short sword.
A frilled lizard comes into view.
The ball python bites you. The ball python constricts you.
The kobold shouts!
The frilled lizard hisses angrily.
You hit the ball python.
You kill the ball python!
You closely miss the kobold. The kobold closely misses you.
Unknown command.
The kobold hits you but does no damage. The endoplasm closely misses you.
The hobgoblin barely misses you.
Unknown command.
You closely miss the hobgoblin. You hit the endoplasm but do no damage.
You closely miss the kobold. The endoplasm hits you.
The kobold throws a stone.
The stone hits you. The hobgoblin closely misses you. The kobold misses you.
The endoplasm freezes you.
You are frozen.
The kobold throws a stone.
The stone misses you.
Unknown command.
You barely miss the hobgoblin. You hit the endoplasm. You hit the kobold.
The hobgoblin hits you. The endoplasm freezes you.
You are frozen.
The kobold hits you with a +0 short sword.
* * * LOW HITPOINT WARNING * * *
You hit the hobgoblin but do no damage. You closely miss the kobold.
You hit the endoplasm. The hobgoblin closely misses you.
The kobold hits you with a +0 short sword.
* * * LOW HITPOINT WARNING * * *
The endoplasm misses you. The hobgoblin barely misses you.
You completely miss the hobgoblin. You hit the kobold.
You kill the kobold!
You barely miss the endoplasm. You barely miss the kobold.
The kobold closely misses you.
The endoplasm hits you but does no damage.
The hobgoblin barely misses you. The frilled lizard bites you.
You die...

...# ##.# #.# ##)# ...#
##.#
#.#####################
#.............(........
##..##########)@g.....#
#..# #.JKl...... ##.#
#..K......# #.#
#.......... #.#
#.........# #.#
#.........# #.#
##..>.....# .....^....


You could see an endoplasm, a hobgoblin, 2 kobolds and a frilled lizard.

Vanquished Creatures
  A ball python (D:1)
  A goblin (D:1)
  A kobold (D:1)
3 creatures vanquished.

Notes
Turn   | Place    | Note
-------+----------+-------------------------------------------
     0 | D:1      | parzival7114810 the Hill Orc Monk began the quest for the
                  | Orb.
     0 | D:1      | Reached XP level 1. HP: 19/19 MP: 1/1
    60 | D:1      | HP: 1/20 [kobold (3)]
    61 | D:1      | Slain by a frilled lizard

Illustrated notes

Levels and vault maps discovered:
D:1:      eino_arrival_cavern_b, layout_rooms,
          shapermc_ecumenical_altar_mp_urbaneastern,
          wander_ebering_terrifying_dragon_lair

Action                   || total
-------------------------++-------
Melee: Hand axe          ||    10
Armor: Robe              ||     3
Dodge: Dodged            ||    19

Table legend: (Time is in decaauts)
 A = Elapsed time spent in this place.
 B = Non-inter-level travel time spent in this place.
 C = Inter-level travel time spent in this place.
 D = Time resting spent in this place.
 E = Time spent auto-exploring this place.
 F = Levels seen in this place.
 G = Mean time per level.
                   A        B        C        D        E       F      G
               +--------+--------+--------+--------+--------+-----+--------+
         Total |     63 |     63 |      0 |      0 |     39 |   1 |   63.0 |
       Dungeon |     63 |     63 |      0 |      0 |     39 |   1 |   63.0 |
               +--------+--------+--------+--------+--------+-----+--------+

Top non-repeatable levels by time:
     D:1: 63 daAuts
